Workbook
Name ddd: #REF!
Name Excel_BuiltIn_Print_Area_2: #REF!
Name Excel_BuiltIn_Print_Area_2: #REF!
Name Excel_BuiltIn_Print_Area_2: #REF!
Name Excel_BuiltIn_Print_Area_2: #REF!
Name Excel_BuiltIn_Print_Area_2: #REF!
Name Excel_BuiltIn_Print_Area_2: #REF!
Name Excel_BuiltIn_Print_Area_3: #REF!
Name Excel_BuiltIn_Print_Area_3: #REF!
Name Excel_BuiltIn_Print_Area_3: #REF!
Name Excel_BuiltIn_Print_Area_3: #REF!
Name Excel_BuiltIn_Print_Area_3: #REF!
Name Excel_BuiltIn_Print_Area_3: #REF!
Name Excel_BuiltIn_Print_Area_4: #REF!
Name Excel_BuiltIn_Print_Area_4: #REF!
Name Excel_BuiltIn_Print_Area_4: #REF!
Name Excel_BuiltIn_Print_Area_4: #REF!
Name Excel_BuiltIn_Print_Area_4: #REF!
Name Excel_BuiltIn_Print_Area_4: #REF!
Name Excel_BuiltIn_Print_Area_4: #REF!
Name Excel_BuiltIn_Print_Titles_1: 'CARGOS R.C.S.P.'!$A$1:$IR$2
Name Excel_BuiltIn_Print_Titles_1: DEDUCIBLES!$A$1:$IT$5
Name Excel_BuiltIn_Print_Titles_1: #REF!
Name Excel_BuiltIn_Print_Titles_1: 'SECCION AP'!$A$1:$IS$2
Name Excel_BuiltIn_Print_Titles_1: #REF!
Name Excel_BuiltIn_Print_Titles_1: #REF!
Name Excel_BuiltIn_Print_Titles_1: 'CONDICIONES TECNICAS'!$A$1:$IT$3
Name SOAT: #REF!
Name Vida: #REF!
Name Vida: #REF!
Name Vida: #REF!
Name Vida: #REF!

Sheet VALORES ASEGURADOS
A1: PROMOTORA DE EVENTOS Y TURISMO S.A.S.
A2: POLIZA DE SEGUROS 2026
A4: LOS VALORES ASEGURADOS DESCRITOS A CONTINUACION SERAN CONDICION OBLIGATORIA OTORGARLOS Y ACEPTARLOS POR PARTE DEL OFERENTE
A6: EDIFICIOS | B6: VALOR ASEGURADO
A7: Riesgo No. 1 Expoferias: Edificaciones y Mejoras Locativas. Av. Alberto Mendoza Hoyos, KM 2, vía al Magdalena. Manizales, Caldas | B7: 22000000000
A8: Riesgo No. 2: Bosque Popular El Prador Edificaciones, Canchas, Obras Civiles y Mejoras Locativas | B8: 2500000000
A9: Riesgo No. 3 Punto de Información Turistica, Cultural y Deportiva: Edificación y Mejoras Locativas, Calle 31 Carrera 22 Esquina, Manizales | B9: 220000000
A10: SUBTOTAL EDIFICIOS | B10: =SUM(B7:B9) -> 24720000000
A11: Incremento en costos de construccion y/o adecuacion a normas sismoresistentes, 10% valor asegurado de cada edificio. Valor adicional | B11: =+B10*10% -> 2472000000
A12: Suelos y Terrenos 10% del valor asegurado de cada predio, Valor adicional | B12: =+B10*10% -> 2472000000
A14: Edificios: Estructuras, cimientos, construcciones fijas con todas sus adiciones y en general toda clase de construcciones propias y no propias, de edificios e inherentes a ellos, ubicados en el territorio nacional, de propiedad de la Entidad, bajo su responsabilidad, tenencia y/o control, tales pero no limitados a: Anexos, escaleras externas, postes de iluminación en concreto o metálicos, instalaciones eléctricas, de comunicación, intercomunicación o sonido, y mejoras locativas, estructuras, instalaciones sanitarias, alcantarillado, para agua; así como líneas, redes, cableado, contadores y demás instalaciones de servicios públicos cuya propiedad, tenencia y/o responsabilidad este a cargo del asegurado (dentro o fuera de los predios o edificaciones); aire acondicionado (subterráneas o no), sistema de drenaje y aguas negras, tuberías, conductos, desagües, ascensores, tanques para almacenamiento, ductos, mallas, chimeneas, patios, aceras, instalaciones permanentes, de protección contra incendio y demás instalaciones que se hallen o no por debajo del nivel del suelo y/o subterráneas, vidrios internos y externos que conforman y hacen parte de las construcciones y mejoras locativas, alarmas contra robo y demás instalaciones similares que formen parte integrante del edificio o edificios asegurados, aunque no se hayan mencionado específicamente, entre otros.
A15: Mejoras locativas: Todas aquellas mejoras con que cuenten los inmuebles, incluidas las realizadas por La Entidad incluyendo las realizadas en predios amparados en seguros de Propiedad Horizontal, como en quellos predios en los que el Asegurado no sea el pRopietario del predio, para adecuarlos a sus necesidades; tales como alfombras, tapetes, cortinas, divisiones modulares, tapizados, puertas, enchapes, mejoras eléctricas, cableado estructurado, cielos rasos, incluyendo las divisiones internas de que estén dotadas las edificaciones, etc.
A17: MUEBLES Y ENSERES | B17: VALOR ASEGURADO
A18: Riesgo No. 1. | B18: 750000000
A19: Riesgo No. 2. | B19: 250000000
A20: Riesgo No. 3. | B20: 25000000
A21: SUBTOTAL MUEBLES Y ENSERES | B21: =SUM(B18:B20) -> 1025000000
A23: Muebles y enseres y contenidos en general, se entienden como tales, los muebles, escritorios, sillas, enseres, estantes y equipos de las diferentes dependencias del establecimiento asegurado, alarmas, sistemas de seguridad de toda clase, armas de fuego, cajas fuertes(todos éstos no electrónicos), cajas fuertes, batería de cocina, útiles de escritorio y papelería, artículos decorativos y de ornamentación, planos, documentos de cartera, archivo en general, libros, bibliotecas, manuscritos, y en general los demás similares aunque no se hayan determinado específicamente, de propiedad del asegurado o por los cuales sea responsable, entre otros, demás, Máquinas y equipos de oficina en general; se entienden como tal, las máquinas manuales de escribir, sumar, calcular y protección de cheques; electrodomésticos, relojes de control de personal y de celaduría, alarmas, sistemas de seguridad de toda clase (todos éstos no electrónicos); batería de cocina, útiles de escritorio y papelería, artículos decorativos y de ornamentación, y los demás similares aunque no se hayan determinado específicamente, de propiedad del asegurado o por los cuales sea responsable.
A25: OTROS CONTENIDOS Y BIENES DE LA ENTIDAD | B25: VALOR ASEGURADO
A26: Obras de Arte, Traje Pepe Caceres y Cuadros (Pinturas) Riesgo No. 1 | B26: 60000000
A27: Locomotora y Vagón de Tren Ubicado en el Riesgo No. 2 - Bien a la Intemperie | B27: 350000000
A28: Juegos Didácticos, Mesas, Módulos y Parque Didactico, en los diferentes predios | B28: 200000000
A29: Herramientas y Accesorios de Deporte, en los diferentes predios | B29: 30000000
A30: SUBTOTAL MUEBLES Y ENSERES | B30: =SUM(B26:B29) -> 640000000
A32: Otros Contenidos, se refieren a los bienes de propiedad, encargo o por los cuales es responsable en sus predios y que se detallan en el cuadro anterior.
A34: EQUIPOS ELECTRICOS Y ELECTRONICOS | B34: VALOR ASEGURADO
A35: Riesgo No. 1. | B35: 750000000
A36: Riesgo No. 2. | B36: 50000000
A37: Riesgo No. 3. | B37: 15000000
A38: SUBTOTAL EQUIPOS ELECTRICOS Y ELECTRONICOS | B38: =SUM(B35:B37) -> 815000000
A40: Equipos eléctricos y electrónicos, se entiende todos aquellos equipos y máquinas de oficina eléctricas o electrónicas, tales como, de sumar, calcular, escribir, equipos de computo (computadoras considerados integralmente con todos sus accesorios de computación o procesamiento electrónico de datos, con todos sus accesorios y equipos periféricos, como son: CPU, pantalla, filtros, monitor, mouse, reguladores de voltaje, scanner, plotters, servidores, impresoras; protectores de cheques, fotocopiadoras, electrodomésticos electrónicos, equipos de comunicación e intercomunicación y de fax, equipos eléctricos y electrónicos de laboratorio, y equipos protectores para todos éstos y en general todos aquellos aparatos que el asegurado designe como eléctricos y electrónicos, incluyendo equipos electrónicos y/o procesadores de datos de la maquinaria y los equipos, que los comanden y/o controlen, equipo propio y complementario de la actividad desarrollada por el asegurado, aunque no se hayan mencionado específicamente, de su propiedad o por los cuales sea responsable
A42: EQUIPOS Y ELEMENTOS MOVILES Y PORTATILES | B42: VALOR ASEGURADO
A43: Riesgo No. 1. | B43: 30000000
A44: Instrumentos Musicales | B44: 550000000
A45: SUBTOTAL EQUIPOS MOVILES | B45: =SUM(B43:B44) -> 580000000
A47: Equipos eléctricos y electrónicos, Computadores portatiles, Tablets, telefonos celulares, GPS, agendas digitales, camaras fotograficas, camaras digitales, camaras de video, equipos de proyeccion digital, drones (sin incluir cobertura en vuelo, ni operaciones propias del equipo, se excluye de la cobertura de R.C.E.), scanner, plotters, impresoras; equipos de comunicación e intercomunicación y de fax, relojes de control de personal y de celaduría, redes lógicas, equipos eléctricos y electrónicos de laboratorio, y equipos protectores para todos éstos y en general todos aquellos aparatos que el asegurado designe como eléctricos y electrónicos móviles, incluyendo equipos electrónicos y/o procesadores de datos de la maquinaria y los equipos, que los comanden y/o controlen, equipo propio y complementario de la actividad desarrollada por el asegurado, aunque no se hayan mencionado específicamente, de su propiedad o por los cuales sea responsable. Instrumentos musicales.
A49: MAQUINARIA Y EQUIPO | B49: VALOR ASEGURADO
A50: Riesgo No. 1. | B50: 1500000000
A51: Riesgo No. 2. | B51: 60000000
A52: SUBTOTAL MAQUINARIA | B52: =SUM(B50:B51) -> 1560000000
A54: Equipos y Máquinas en general, se entiende toda maquinaria, equipos, accesorios, herramientas, propios y complementarios de la actividad desarrollada por el Asegurado, instalaciones eléctricas, de agua, de aire, de combustibles y similares que correspondan a maquinaria; equipos para manejo y movilización de materiales, maquinaria y equipo de servicio tales como aires acondicionados (subterráneas o no), luminarias interiores y exteriores, transformadores, estaciones y subestaciones eléctricas, plantas eléctricas, calderas, compresores de aire, basculas, y equipos de medicion, motobombas; equipos móviles para extinción de incendios; ascensores, grúas, malacates, maquinaria y equipo del casino y en general todo elemento correspondiente a maquinaria, herramienta y equipo, aunque no se haya determinado específicamente, de propiedad del asegurado o por los cuales sea responsable.
A56: MERCANCIAS - INVENTARIOS | B56: VALOR ASEGURADO
A57: Riesgo No. 1. | B57: 180000000
A58: Riesgo No. 2. | B58: 25000000
A59: SUBTOTAL MERCANCIAS - INVENTARIOS | B59: =SUM(B57:B58) -> 205000000
A61: Elementos de almacén, mercancías e inventarios, incluidas vacunas: Se entienden como tales, los elementos de consumo, devolutivos nuevos, recuperables, inservibles, papelería, Libros, impresos, útiles de oficina, equipos en general, repuestos y demás bienes contenidos en las diferentes dependencias de La Entidad, incluidas las vacunas e insumos que se utilicen para el desarrollo del Programa PAI, elementos de almacén, tales como repuestos, herramientas, partes y piezas para maquinaria, dotación para empleados, muestras de los oferentes que envían a la entidad dentro de los procesos de contratación y suministro, entre otros de calzado, vestuario y similares; que se encuentren en cualquiera de los predios o instalaciones en los que la Entidad desarrolle actividades y que estén bajo responsabilidad de la entidad, y en general todo elemento que los Asegurados determinen como existencias o elementos de almacén, aunque no se hayan determinado específicamente, de su propiedad o por los cuales sea responsable. Además, Elementos de almacén e inventarios: Se entienden como tales, los elementos de consumo, devolutivos nuevos, recuperables, inservibles, papelería, útiles de oficina, equipos en general, elementos de almacén, tales como repuestos, herramientas, partes y piezas para maquinaria, dotación para empleados, muestras de los oferentes que envían a la entidad dentro de los procesos de contratación y suministro, entre otros de calzado, vestuario y similares, los cuales estén bajo responsabilidad de la entidad, y en general bienes en bodega, que no estan en uso y en general todo elemento que el Asegurado determine como existencias o elementos de almacén, aunque no se hayan determinado específicamente, repuestos y demás bienes contenidos en las diferentes dependencias del La Entidad, de su propiedad o por los cuales sea legal y contractualmente responsable.
A63: SUBTOTAL VALOR ASEGURADO EDIFICIOS Y CONTENIDOS | B63: =+B10+B11+B12+B21+B30+B38+B45+B52+B59 -> 34489000000
A64: INDICE VARIABLE 5% (SIN MERCANCIAS) | B64: =+((B63-B11-B12-B57-B58)*5%) -> 1467000000
A65: TOTAL VALOR ASEGURADO | B65: =+B63+B64 -> 35956000000
A67: RAMOS ADICIONALES | B67: VALOR ASEGURADO
A68: MANEJO ENTIDADES ESTATALES | B68: 200000000
A69: RESPONSABILIDAD CIVIL EXTRACONTRACTUAL | B69: 2500000000
A70: RESPONSABILIDAD CIVIL SERVIDORES PUBLICOS | B70: 1000000000

Sheet RELACION AUTOS
A1: =+'VALORES ASEGURADOS'!A1 -> PROMOTORA DE EVENTOS Y TURISMO S.A.S.
A2: =+'VALORES ASEGURADOS'!A2 -> POLIZA DE SEGUROS 2026
A4: LOS VALORES ASEGURADOS DESCRITOS A CONTINUACION SERAN CONDICION OBLIGATORIA OTORGARLOS Y ACEPTARLOS POR PARTE DEL OFERENTE SEGÚN ULTIMA GUIA DE VALORES DE FASECOLDA
A6: PLACA | B6: CODIGO FASECOLDA | C6: MARCA | D6: TIPO | E6: CLASE | F6: MODELO | G6: SERVICIO | H6: COLOR | I6: # CHASIS | J6: # MOTOR | K6: VALOR ASEGURADO
A7: OUC138 | B7: 05621022 | C7: MAZDA | D7: BT50 [1] B22D29 MT 2200CC 4X2 | E7: CAMIONETA PICK UP | F7: 2015 | G7: OFICIAL | H7: ALUMINIO METALIZADO | I7: 9FJUN8325F0309106 | J7: F2A14922 | K7: 55200000
I8: VALOR TOTAL ASEGURADO | K8: =SUM(K7:K7) -> 55200000

Sheet SOAT
A1: =+'VALORES ASEGURADOS'!A1 -> PROMOTORA DE EVENTOS Y TURISMO S.A.S.
A2: =+'VALORES ASEGURADOS'!A2 -> POLIZA DE SEGUROS 2026
A4: LOS VALORES ASEGURADOS DESCRITOS A CONTINUACION SERAN CONDICION OBLIGATORIA OTORGARLOS Y ACEPTARLOS POR PARTE DEL OFERENTE
A6: PLACA | B6: MARCA | C6: TIPO | D6: CLASE | E6: MODELO | F6: SERVICIO | G6: COLOR | H6: COSTO ANUAL
A7: OUC138 | B7: MAZDA | C7: BT50 [1] B22D29 MT 2200CC 4X2 | D7: CAMIONETA PICK UP | E7: 2015 | F7: OFICIAL | G7: ALUMINIO METALIZADO | H7: 55200000
A9: VIGENCIA ANUAL
A10: NIT. 800250029

Sheet SECCION AP
A1: =+'RELACION AUTOS'!A1 -> PROMOTORA DE EVENTOS Y TURISMO S.A.S.
A2: =+'RELACION AUTOS'!A2 -> POLIZA DE SEGUROS 2026
A4: LOS VALORES ASEGURADOS Y COBERTURAS DESCRITOS A CONTINUACION SERAN CONDICION OBLIGATORIA OTORGARLOS Y ACEPTARLOS POR PARTE DEL OFERENTE
A6: POLIZA SEGURO ACCIDENTES PERSONALES | B6: VALOR ASEGURADO X PERSONA | C6: VALOR ASEGURADO X EVENTO
A7: Se ampara a las personas que visiten los diferentes predios los cuales sean de su propiedad, de terceros, dados o recibidos en comodato la entidad.
A8: Promedio de Visitantes Mensuales a los Diferentes Predios: 100.000 personas
A9: Muerte Accidental | B9: 10000000 | C9: 200000000
A10: Incapacidad Total y permanente | B10: =+B9 -> 10000000 | C10: =+C9 -> 200000000
A11: Desmembración | B11: =+B10 -> 10000000 | C11: =+C10 -> 200000000
A12: Gastos Medicos por Accidente | B12: 5000000 | C12: 100000000
A13: Auxilio Funerario | B13: 5000000 | C13: =+C12 -> 100000000
A14: LIMITE AGREGADO DE RESPONSABILIDAD | B14: 1500000000
A16: El monto total indemnizable por parte de la aseguradora, por concepto de varias reclamaciones formuladas por la ocurrencia de un mismo evento durante la vigencia del seguro, será hasta límite de indemnización fijado, De esta manera las sumas a pagar por cada uno de los asegurados afectados, tendrán la misma proporción porcentual, sobre el límite aregado de responsabilidad, que es lo correspondiente a la suma total de los siniestros a reconocer.
B20: =+B14 -> 1500000000

Sheet CARGOS R.C.S.P.
A1: =+'RELACION AUTOS'!A1 -> PROMOTORA DE EVENTOS Y TURISMO S.A.S.
A2: =+'RELACION AUTOS'!A2 -> POLIZA DE SEGUROS 2026
A4: LOS CARGOS DESCRITOS A CONTINUACION SERAN CONDICION OBLIGATORIA INCLUIRLOS EN LA POLIZA DE RESPONSABILIDAD CIVIL SERVIDORES PUBLICOS
A6: CARGOS | B6: TIPO DE VINCULACION
A7: 5 MIEMBROS JUNTA DIRECTIVA
A8: GERENTE | B8: Libre Nombramiento y Remoción
A9: SECRETARIO GENERAL | B9: Libre Nombramiento y Remoción
A10: JEFE DE OFICINA MERCADEO Y COMUNICACIONES | B10: Libre Nombramiento y Remoción
A11: JEFE DE OFICINA PROMOCION Y COORDINACION DE EVENTOS | B11: Libre Nombramiento y Remoción
A12: JEFE DE OFICINA PROMOCION TURISTICA | B12: Libre Nombramiento y Remoción
A13: JEFE DE OFICINA ADMINISTRATIVA Y FINANCIERA | B13: Libre Nombramiento y Remoción
A14: PROFESIONAL UNIVERSITARIO SECRETARIA GENERAL- ABOGADO | B14: Trabajador Oficial vinculado a través de contrato laboral
A15: PROFESIONAL UNIVERSITARIO FINANCIERA- CONTADOR | B15: Trabajador Oficial vinculado a través de contrato laboral

Sheet CONDICIONES TECNICAS
A1: =+'RELACION AUTOS'!A1 -> PROMOTORA DE EVENTOS Y TURISMO S.A.S.
A2: =+'RELACION AUTOS'!A2 -> POLIZA DE SEGUROS 2026
A4: TODO RIESGO DAÑOS MATERIALES COMBINADO | B4: VALORES ASEGURADOS | C4: CONDICIONES
A5: DAÑOS MATERIALES | B5: =+'VALORES ASEGURADOS'!B63 -> 34489000000 | C5: OBLIGATORIO
A6: ROTURA DE MAQUINARIA | B6: =+'VALORES ASEGURADOS'!B52 -> 1560000000 | C6: OBLIGATORIO
A7: DAÑOS INTERNO EQUIPOS ELECTRICOS Y ELECTRONICOS | B7: =+'VALORES ASEGURADOS'!B38 -> 815000000 | C7: OBLIGATORIO
A8: EQUIPOS MOVILES Y PORTATILES | B8: =+'VALORES ASEGURADOS'!B45 -> 580000000 | C8: OBLIGATORIO
A9: SUSTRACCION CON Y SIN VIOLENCIA | B9: =+'VALORES ASEGURADOS'!B21+'VALORES ASEGURADOS'!B30+'VALORES ASEGURADOS'!B38+'VALORES ASEGURADOS'!B45+'VALORES ASEGURADOS'!B52+'VALORES ASEGURADOS'!B59 -> 4825000000 | C9: OBLIGATORIO
A10: INDICE VARIABLE 10% | B10: =+'VALORES ASEGURADOS'!B64 -> 1467000000 | C10: OBLIGATORIO
A11: AMPARO
A12: Todo Riesgo Daños y Pérdidas Materiales por cualquier causa, no expresamente excluida en las condiciones, para los bienes que estan en uso o inactivos y se encuentren dentro o fuera de los predios del asegurado, incluyendo Terremoto, Temblor y/o Erupcion Volcanica, Actos Mal Intensionados de Terceros, Huelga, Asonada, Motin, conmoción Civil o Popular al 100%, Rotura de Maquinaria, Daño Interno para Equipos Electricos y Electrónicos. Equipos Móviles y Portátiles, Sustracción con y Sin Violencia, Lucro Cesante. Gastos para la adecuación de suelos y terrenos que lleguen a afectarse como consecuencia de un Temblor, Terremoto, Erupción Volcánica y/o otros eventos de la naturaleza. | C12: OBLIGATORIO
A13: AMPAROS ADICIONALES CON LIMITES | B13: VALOR | C13: PUNTOS
A14: LOS SIGUIENTES GASTOS NO CONSTITUYEN UN VALOR ASEGURADO ADICIONAL
A15: Remoción de escombros | B15: 2000000000 | C15: 1
A16: Amparo automático de nuevos bienes: edificaciones, equipos, muebeles, maquinaria, mercancias (90 dias) | B16: =+B15 -> 2000000000 | C16: 1
A17: Traslado Temporal (90 dias), excluye el transporte | B17: 300000000 | C17: 1
A18: Gastos de demostración de pérdida | B18: 500000000 | C18: 1
A19: Gastos de extinción | B19: =+B15 -> 2000000000 | C19: 1
A20: Gastos de preservación | B20: =+B15 -> 2000000000 | C20: 1
A21: Gastos adicionales | B21: =+B18 -> 500000000 | C21: 1
A22: Propiedad personal de empleados o contratistas de la entidad. Excluye vehículos, joyas y dinero. | B22: $20.000.000 Persona $100.000.000 Evento $200.000.000 Vigencia | C22: 1
A23: Gastos para Abogados, Contadores, Auditores, Revisores, Interventores, etc.). | B23: =+B21 -> 500000000 | C23: 1
A24: Honorarios profesionales | B24: =+B21 -> 500000000 | C24: 1
A25: Cobertura para software y gastos para reinstalación, como consecuencia de un evento amparado bajo la póliza. | B25: 100000000 | C25: 1
A26: Bienes bajo cuidado, tenencia y control | B26: =+B24 -> 500000000 | C26: 1
A27: Gastos extraordinarios | B27: =+B26 -> 500000000 | C27: 1
A28: Cobertura por daños consecuenciales por remodelaciones, nuevas edificaciones, montaje de nuevas plantas y/o montaje de maquinaría y equipo que no haya estado previamente operando dentro de los predios asegurados. | B28: =+B27 -> 500000000 | C28: 1
A29: Renta doce (12) meses - Límite por mes hasta | B29: 200000000 | C29: 1
A30: Portador externo de datos | B30: 500000000 | C30: 1
A31: Equipos móviles y portátiles dentro y fuera de los predios incluye hurto simple y calificado. | B31: =+B8 -> 580000000 | C31: 1
A32: Reposición de documentos y/o archivos | B32: =+B30 -> 500000000 | C32: 1
A33: Movilización de bienes para su uso y/o actividad | B33: 200000000 | C33: 1
A34: Montajes y Construcciones Menores dentro de los predios asegurados. | B34: 1000000000 | C34: 1
A35: Gastos por flete aéreo | B35: =+B34 -> 1000000000 | C35: 1
A36: Gastos adicionales por horas extras y trabajo nocturno, flete expreso | B36: =+B35 -> 1000000000 | C36: 1
A37: Gastos para la recuperación de información (E.E.) | B37: 200000000 | C37: 1
A38: Gastos de Alquiler de Equipos por pérdidas Totales y/o parciales | B38: 100000000 | C38: 1
A39: Gastos adicionales demostrables para acelerar el reemplazo o reparación | B39: 100000000 | C39: 1
A40: Gastos adicionales demostrables para la adecuacion de las nuevas instalaciones afectada por el siniestro. | B40: 300000000 | C40: 1
A41: Cobertura de Conjuntos | B41: 500000000 | C41: 1
A42: Incremento costos de operacion (E.E.) | B42: =+B37 -> 200000000 | C42: 1
A43: CONDICIONES PARTICULARES | B43: VALORES ASEGURADOS | C43: PUNTOS
A44: El oferente acepta y conoce que los predios incluidos en el presente proceso, además de ser utilizados por la entidad, podrán ser concedidos, alquilados y/o utilizados por terceros para el desarrollo de actividades en dichos predios, por lo cual no se tendrá limitación en las coberuras contradas o exclusiones de tipo contractual. | C44: OBLIGATORIO
A45: Condiciones técnicas y económicas de los reaseguradores | C45: 1
A46: Nombramiento de ajustador | C46: 1
A47: Designación de bienes | C47: 1
A48: No concurrencia de amparos, cláusulas, condiciones o deducibles | C48: 1
A49: Cláusula de no tasación en caso de siniestro, con límite de hasta $200.000.000, por siniestro. | C49: 1
A50: Labores y materiales, con aviso a 90 días | C50: 1
A51: No aplicación de demérito para edificaciones en ningún tipo de siniestro | C51: 1
A52: No aplicación de demérito por uso para equipos y maquinaria en pérdida totales. | C52: 1
A53: No aplicación de infraseguro en la póliza cuando la diferencia entre el valor asegurado y el valor asegurable sea inferior al 15% | C53: 1
A54: Cobertura para riesgos de Influencia Atmosférica. | C54: 1
A55: Amparo para bienes fuera de edificios. | C55: 1
A56: Modificaciones a favor del asegurado | C56: 1
... A86: Amparo automático para equipos de reemplazo | C86: 1
A87: Los amparos adicionales con limites no tendrán aplicación de deducible | C87: OBLIGATORIO
A88: Se incluye cobertura por desprendimiento de tierra o rocas siempre y cuando el evento se encuentre cubierto por la póliza. | C88: 1
A89: Se incluye cobertura por hundimiento o corrimiento del terreno siempre y cuando el evento se encuentre cubierto por la póliza. | C89: 1
A90: Valor de reposición para equipos descontinuados. | C90: 1
A91: La cobertura de equipos móviles y portátiles contemplada es extensiva para los equipos, instrumentos y elementos utilizados por la entidad en diferentes sitios del país en el normal desarrollo de su actividad. | C91: 1
A92: Experticio técnico | C92: 1
A93: En los siniestros de perdidas totales no habra aplicacion en la liquidacion de la indemnizacion de deducciones por mejoramiento tecnologico | C93: OBLIGATORIO
A94: Gastos de viaje y estadía de técnicos | C94: 1
A95: Cobertura automática de bienes de propiedad del asegurado en predios de terceros | C95: 1
A96: Amparo para Ferias, Exhibiciones, exposiciones y demás eventos deportivos y culturales | C96: 1
A97: Amparo automático para bienes en ferias, eventos y exposiciones en el territorio nacional. | C97: 1
A98: Amparo para bienes de propiedad de asegurado en predios o bajo la responsabilidad de terceros. | C98: 1
A99: Se incluyen bienes a la intemperie ubicados en los predios del asegurado. | C99: 1
A100: La cobertura de terremoto, temblor, queda extendida a tanques, patios, exteriores, canchas, vías, chimeneas y cualquier otra construcción separada a las edificaciones amparadas. | C100: 1
A101: Cualquier error no intencional, omisión, inexactitudes o falta en reportar una pérdida, en la presentación de un reclamo o en la descripción, valor, ubicación de la propiedad asegurada, no perjudicará los derechos del asegurado, pero debe ser corregido al descubrirse. | C101: 1
A102: No obstante lo establecido en las condiciones generales del contrato de seguros, este seguro se extiende a cubrir las redes eléctricas, hidráulicas, de gas u otras subterráneas que sean de propiedad del asegurado ubicados dentro o en zonas aledañas a los predios del asegurado | C102: 1
A103: Agravaciones del riesgo | C103: 1
A104: Límite de responsabilidad | C104: 1
A105: Bajo la cobertura de rotura accidental de vidrios se cubren vidrios especiales, unidades sanitarias y espejos hasta un valor asegurado del 10% del valor del edificio afetado.. | C105: 1
A106: Las cláusulas de garantías que figuran en la póliza sólo serán aplicables en aquellos siniestros que tengan relación con ellas y no en los que ocurran por eventos ajenos a las mismas | C106: 1
A107: Se otorga cobertura de Hurto Simple para equipos fijos, equipos móviles y portátiles (E.E.) | B107: Sublímite del 30% de la sección de Sustraccion con y sin Violencia | C107: 1
A108: La cobertura de equipos móviles o portátiles se extiende a la movilización fuera del territorio Colombiano (E.E.) | C108: 1
A109: Los valores asegurados serán suministrados en forma global y en ningún momento se suministrará relación de valores pormenorizados | C109: OBLIGATORIO
A110: La compañía acepta la no exigencia de la garantia. | C110: 4
A111: Cláusula de Jurisdicción y Solución de controversias a las instancias que determine el cliente en Colombia. | C111: OBLIGATORIO
A112: MANEJO GLOBAL ENTIDADES ESTATALES | B112: VALORES ASEGURADOS | C112: PUNTOS
A113: Amparar los riesgos que impliquen menoscabo de los fondos o bienes de propiedad, bajo tenencia, control y/o responsabilidad de la entidad, causados por acciones y omisiones de sus servidores, que incurran en delitos contra la administración pública o en alcances por incumplimiento de las disposiciones legales y reglamentarias, incluyendo el costo de la rendición de cuentas en caso de abandono del cargo o fallecimiento del empleado. | B113: =+'VALORES ASEGURADOS'!B68 -> 200000000 | C113: OBLIGATORIO
A114: AMPAROS | B114: VALORES ASEGURADOS | C114: PUNTOS
A115: Básico | B115: =+B113 -> 200000000 | C115: OBLIGATORIO
A116: Hurto y hurto calificado | B116: =+B115 -> 200000000 | C116: OBLIGATORIO
A117: Abuso de confianza | B117: =+B116 -> 200000000 | C117: OBLIGATORIO
A118: Estafa, desfalco | B118: =+B117 -> 200000000 | C118: OBLIGATORIO
A119: Falsificación | B119: =+B118 -> 200000000 | C119: OBLIGATORIO
A120: Pérdidas por personas no identificadas | B120: =+B113/2 -> 100000000 | C120: OBLIGATORIO
A121: Pérdidas causadas por personas de firmas especializadas,contratistas y/o Temporales yo Outsourcing y/o estudiantes en práctica, cooperativas asociativas de trabajo, los de orden de trabajo o prestacion de servicios y contratistas. | B121: =+B120 -> 100000000 | C121: OBLIGATORIO
A122: Protección de depósitos bancarios, cuando no haya responsabilidad de la entidad bancaría. | B122: =+B120 -> 100000000 | C122: OBLIGATORIO
A123: Delitos contra la administración pública | B123: =+B119 -> 200000000 | C123: OBLIGATORIO
A124: Alcances fiscales: una vez quede debidamente ejecutoriada la providencia que declare fiscalmente responsable al funcionario que ocupa el cargo amparado | B124: =+B123 -> 200000000 | C124: OBLIGATORIO
A125: Rendición y reconstrucción de cuentas | B125: =+B124 -> 200000000 | C125: OBLIGATORIO
A126: Cajas Menores | B126: 20000000 | C126: OBLIGATORIO
A127: CONDICIONES PARTICULARES | B127: VALORES ASEGURADOS | C127: PUNTOS
A128: Se amparan todos los cargos actualmente establecidos por la entidad como cargos de nomina, así como también aquellos relacionados con funciones ejecutadas por practicantes universitarios; al igual que los cargos futuros que en el desarrollo de la vigencia lleguen a ser creados. A continuación se relaciona el numero de cargos por los conceptos actualmente establecidos por la entidad. | B128: NUMERO DE EMPLEADOS ACTUALES: Directos 19 Contratistas 56 | C128: OBLIGATORIO
A129: Condiciones técnicas y económicas de los reaseguradores | C129: 1
A130: Nombramiento de ajustador | C130: 1
...

Sheet DEDUCIBLES
A1: =+'CONDICIONES TECNICAS'!A1 -> PROMOTORA DE EVENTOS Y TURISMO S.A.S.
A2: =+'CONDICIONES TECNICAS'!A2 -> POLIZA DE SEGUROS 2026
A4: SE REQUIEREN LOS DEDUCIBLES COMO SE DETALLAN EN EL CUADRO, DEDUCIBLES SUPERIORES TENDRAN CALIFICACION DE CERO EN EL AMPARO QUE CAMBIA.
A6: TODO RIESGO DAÑOS MATERIALES COMBINADO | B6: DEDUCIBLES | C6: PUNTOS
A7: Terremoto, temblor y erupción volcánica | B7: 2% valor pérdida mínimo 2 SMMLV | C7: 50
A8: Asonada, motín, amit(excepto equipo electrónico): | B8: 5% valor pérdida mínimo 1 SMMLV | C8: 10
A9: Hurto y hurto calificado de bienes | B9: 5% valor pérdida mínimo 1 SMMLV | C9: 10
A10: Daño Interno equipo eléctrico y electrónico | B10: 5% valor pérdida mínimo 1 SMMLV | C10: 10
A11: Equipos Móviles y Portátiles | B11: 10% valor pérdida mínimo 1 SMMLV | C11: 10
A12: Rotura de maquinaria: | B12: 5% valor pérdida mínimo 1 SMMLV | C12: 10
A13: Demás eventos y rotura accidental de vidrios | B13: Sin deducible | C13: 10
A14: MANEJO GLOBAL ENTIDADES ESTATALES | B14: DEDUCIBLES | C14: PUNTOS
A15: Cajas Menores | B15: Sin aplicación de deducible | C15: 10
A16: Demás Eventos | B16: 5% valor pérdida mínimo 1 SMMLV | C16: 10
A17: RESPONSABILIDAD CIVIL EXTRACONTRACTUAL | B17: DEDUCIBLES | C17: PUNTOS
A18: Gastos médicos: y Gastos de defensa | B18: Sin aplicación de deducible | C18: OBLIGATORIO
A19: - Demás evento | B19: 5% valor pérdida mínimo 1 SMMLV | C19: 10
A20: RESPONSABILIDAD CIVIL SERVIDORES PUBLICOS | B20: DEDUCIBLES | C20: PUNTOS
A21: Toda y cada pérdida | B21: Sin aplicación de deducible | C21: OBLIGATORIO
A22: AUTOMOVILES | B22: DEDUCIBLES | C22: PUNTOS
A23: Cualquier Evento | B23: Sin aplicación de deducible | C23: 10
A24: ACCIDENTES PERSONALES | B24: DEDUCIBLES | C24: PUNTOS
A25: Cualquier Evento | B25: Sin aplicación de deducible | C25: OBLIGATORIO
A26: TOTAL | C26: =SUM(C7:C25) -> 150

Sheet COSTO OFERTA
A1: =+DEDUCIBLES!A1 -> PROMOTORA DE EVENTOS Y TURISMO S.A.S.
A2: =+DEDUCIBLES!A2 -> POLIZA DE SEGUROS 2026
A4: VIGENCIA: 27/07/2026 a las 00:00 horas hasta 27/07/2027 a las 00:00 horas | C4: VIGENCIA 365 DIAS
A5: POLIZA | B5: VALOR ASEGURADO | C5: PRIMA | D5: I.V.A. 19% | E5: TOTAL
A6: TODO RIESGO DAÑOS MATERIALES | B6: =+'VALORES ASEGURADOS'!B63 -> 34489000000 | C6: 0 | D6: =+C6*19% -> 0 | E6: =+C6+D6 -> 0
A7: INDICE VARIABLE | B7: =+'VALORES ASEGURADOS'!B64 -> 1467000000 | C7: 0 | D7: =+C7*19% -> 0 | E7: =+C7+D7 -> 0
A8: MANEJO GLOBAL | B8: =+'VALORES ASEGURADOS'!B68 -> 200000000 | C8: 0 | D8: =+C8*19% -> 0 | E8: =+C8+D8 -> 0
A9: R.C. EXTRACONTRACTUAL | B9: =+'VALORES ASEGURADOS'!B69 -> 2500000000 | C9: 0 | D9: =+C9*19% -> 0 | E9: =+C9+D9 -> 0
A10: R.C. SERVIDORES PUBLICOS | B10: =+'VALORES ASEGURADOS'!B70 -> 1000000000 | C10: 0 | D10: =+C10*19% -> 0 | E10: =+C10+D10 -> 0
A11: AUTOMOVILES | B11: =+'RELACION AUTOS'!K8 -> 55200000 | C11: 0 | D11: =+C11*19% -> 0 | E11: =+C11+D11 -> 0
A12: SOAT | B12: COBERTURA DE LEY | C12: 0 | D12: =+C12*19% -> 0 | E12: =+C12+D12 -> 0
A13: ACCIDENTES PERSONALES GRUPO | B13: {=+'SECCION AP'!B14:C14} -> 1500000000 | C13: 0 | D13: =+C13*19% -> 0 | E13: =+C13+D13 -> 0
B14: TOTALES | C14: =SUM(C6:C13) -> 0 | D14: =SUM(D6:D13) -> 0 | E14: =SUM(E6:E13) -> 0

Sheet SINIESTRALIDAD
A1: =+'COSTO OFERTA'!A1 -> PROMOTORA DE EVENTOS Y TURISMO S.A.S.
A2: =+'COSTO OFERTA'!A2 -> POLIZA DE SEGUROS 2026
A3: HISTORICO DE SINIESTRALIDAD
A5: NOTA: | B5: 1. Relación de historico de siniestralidad presentada por la entidad con su anterior nombre.
B6: 2. En la vigencia 2024-2025 (a la fecha) no se tienen reportes de sineistro y/o que generen algún reporte de siniestro.
A8: No. Póliza | B8: Causa | C8: No. Siniestro | D8: Año de Siniestro | E8: Ramo/Póliza Afectada | F8: Fecha Ocurrencia | G8: Fecha Aviso | H8: Fecha Registro | I8: Nombre Asegurado | J8: Amparo | K8: Dirección Riesgo | L8: Vigencia Desde | M8: Vigencia Hasta | N8: Nit | O8: Póliza | P8: Estado | Q8: Pago Honorarios | R8: Indemnización | S8: Reserva Honorarios | T8: Reserva Reclamo | U8: Incurrido | V8: Estado Reserva | W8: Segmento
A9: 2206 | B9: ACCIDENTE | C9: 5702 | D9: 2017 | E9: ACCIDENTES PERSONALES COLECTIVO | F9: 42849 | G9: 42993 | H9: 42999 | I9: INSTITUTO DE CULTURA Y TURISMO DE MANIZALES | J9: GASTOS MEDICOS | K9: GIL SEPULVEDA CAROLINA | L9: 42825 | M9: 43190 | N9: 8002500297 | O9: NORMAL | Q9: 0 | R9: 0 | S9: 0 | T9: 0 | U9: 0 | V9: Cerrado sin afectación de reserva | W9: Vida Otros
A10: 2206 | B10: ACCIDENTE | C10: 5701 | D10: 2017 | E10: ACCIDENTES PERSONALES COLECTIVO | F10: 42854 | G10: 42914 | H10: 42926 | I10: INSTITUTO DE CULTURA Y TURISMO DE MANIZALES INSTITUTO DE CULTURA Y TURISMO DE MA | J10: GASTOS MEDICOS | K10: FRANCO BEDOYA ERIK | L10: 42825 | M10: 43190 | N10: 8002500297 | O10: NORMAL | Q10: 6500 | R10: 102500 | S10: 0 | T10: 0 | U10: 109000 | V10: Pago total por indemnización | W10: Vida Otros
A11: 8142 | B11: IMPERICIA, DESCUIDO Y/O SABOTAJE | C11: 6723 | D11: 2017 | E11: MULTIRIESGO | F11: 43005 | G11: 43027 | H11: 43028 | I11: INSTITUTO DE CULTURA Y TURISMO DE MANIZALES | J11: ERRORES DE MANEJO, DESCUIDO, IMPERICIA, NEGLIGENCIA | K11: INSTITUTO DE CULTURA Y TURISMO DE MANIZALES | L11: 42825 | M11: 43190 | N11: 8002500297 | O11: TODO RIESGO DAÑO MATERIAL | Q11: 0 | R11: 452283 | S11: 0 | T11: 0 | U11: 452283 | V11: Pago total por indemnización | W11: Complejos
A12: 1002424 | B12: ACTOS, ERRORES Y OMISIONES | C12: 5781 | D12: 2017 | E12: RESPONSABILIDAD CIVIL | F12: 43069 | G12: 43090 | H12: 43095 | I12: INSTITUTO DE CULTURA Y TURISMO DE MANIZALES | J12: DIRECTORES Y ADM.SERVIDORES PUBLICOS-PERJUICIOS A TERCEROS | K12: CRA.22 CLL.33 - TEATRO LOS FUNDADORES P.2 | L12: 42825 | M12: 43190 | N12: 8002500297 | O12: DIRECTORES Y ADMINISTRADORES SERVIDORES PUBLICOS | P12: EsperandoDocumentos | Q12: 0 | R12: 0 | S12: 0 | T12: 0 | U12: 0 | V12: Cerrado sin afectación de reserva | W12: RCSP
A13: 2206 | B13: ACCIDENTE | C13: 5703 | D13: 2018 | E13: ACCIDENTES PERSONALES COLECTIVO | F13: 43105 | G13: 43109 | H13: 43110 | I13: INSTITUTO DE CULTURA Y TURISMO DE MANIZALES | J13: GASTOS MEDICOS | K13: MONTES OROZCO FELIPE ANDRES | L13: 42825 | M13: 43190 | N13: 8002500297 | O13: NORMAL | Q13: 6500 | R13: 2499249 | S13: 0 | T13: 0 | U13: 2505749 | V13: Pago total por indemnización | W13: Vida Otros
A14: 1002424 | B14: ACTOS, ERRORES Y OMISIONES | C14: 5871 | D14: 2020 | E14: RESPONSABILIDAD CIVIL | F14: 43116 | G14: 43679 | H14: 43859 | I14: INSTITUTO DE CULTURA Y TURISMO DE MANIZALES | J14: RESPON. POR UN JUICIO DE RESPONSABILIDAD FISCAL | K14: CRA.22 CLL.33 - TEATRO LOS FUNDADORES P.2 | L14: 42825 | M14: 43190 | N14: 8002500297 | O14: DIRECTORES Y ADMINISTRADORES SERVIDORES PUBLICOS | Q14: 0 | R14: 0 | S14: 1000000 | T14: 477558 | U14: 1477558 | V14: Reserva de indemnización abierta | W14: Secretaría General Gene
A15: 8142 | B15: IMPERICIA, DESCUIDO Y/O SABOTAJE | C15: 6790 | D15: 2018 | E15: MULTIRIESGO | F15: 43144 | G15: 43249 | H15: 43251 | I15: INSTITUTO DE CULTURA Y TURISMO DE MANIZALES | J15: ERRORES DE MANEJO, DESCUIDO, IMPERICIA, NEGLIGENCIA | K15: INSTITUTO DE CULTURA Y TURISMO DE MANIZALES | L15: 42825 | M15: 43190 | N15: 8002500297 | O15: TODO RIESGO DAÑO MATERIAL | P15: Pagado | Q15: 0 | R15: 437771 | S15: 0 | T15: 0 | U15: 437771 | V15: Pago total por indemnización | W15: Complejos
A16: 1002424 | B16: ACTOS, ERRORES Y OMISIONES | C16: 5969 | D16: 2021 | E16: RESPONSABILIDAD CIVIL | F16: 43190 | G16: 44426 | H16: 44467 | I16: INSTITUTO DE CULTURA Y TURISMO DE MANIZALES | J16: RESPON. POR UN JUICIO DE RESPONSABILIDAD FISCAL | K16: CRA.22 CLL.33 - TEATRO LOS FUNDADORES P.2 | L16: 43190 | M16: 43193 | N16: 8002500297 | O16: DIRECTORES Y ADMINISTRADORES SERVIDORES PUBLICOS | Q16: 0 | R16: 0 | S16: 3333333 | T16: 4476642 | U16: 7809975 | V16: Reserva de indemnización abierta | W16: Secretaría General Gene
A17: 1002424 | B17: ACTOS, ERRORES Y OMISIONES | C17: 5992 | D17: 2021 | E17: RESPONSABILIDAD CIVIL | F17: 43190 | G17: 43613 | H17: 44543 | I17: INSTITUTO DE CULTURA Y TURISMO DE MANIZALES | J17: RESPON. POR UN JUICIO DE RESPONSABILIDAD FISCAL | K17: CRA.22 CLL.33 - TEATRO LOS FUNDADORES P.2 | L17: 43190 | M17: 43193 | N17: 8002500297 | O17: DIRECTORES Y ADMINISTRADORES SERVIDORES PUBLICOS | Q17: 0 | R17: 0 | S17: 1000000 | T17: 822277 | U17: 1822277 | V17: Reserva de indemnización abierta | W17: Secretaría General Gene
A18: 1002425 | B18: ACTOS, ERRORES Y OMISIONES | C18: 5970 | D18: 2021 | E18: RESPONSABILIDAD CIVIL | F18: 43196 | G18: 44426 | H18: 44467 | I18: INSTITUTO DE CULTURA Y TURISMO DE MANIZALES | J18: R.C.E. GENERAL (PREDIOS , LABORES Y OPERACIONES) | K18: KR 22 CL.33 - TEATRO LOS FUNDADORES P2 | L18: 43193 | M18: 43196 | N18: 8002500297 | O18: R.C.E. GENERAL | Q18: 0 | R18: 0 | S18: 4000000 | T18: 4476644 | U18: 8476644 | V18: Reserva de indemnización abierta | W18: Secretaría General Gene
A19: 1002504 | B19: ACTOS, ERRORES Y OMISIONES | C19: 5910 | D19: 2021 | E19: RESPONSABILIDAD CIVIL | F19: 43613 | G19: 44254 | H19: 44257 | I19: INSTITUTO DE CULTURA Y TURISMO DE MANIZALES | J19: GASTOS DE DEFENSA | K19: AVENIDA ALBERTO MENDOZA HOYOS KM 2 VIA AL MAGDALENA | L19: 43609 | M19: 43885 | N19: 8002500297 | O19: DIRECTORES Y ADMINISTRADORES SERVIDORES PUBLICOS | P19: PagoParcial | Q19: 2500000 | R19: 0 | S19: 2500000 | T19: 0 | U19: 5000000 | V19: Cerrado sin afectación de reserva | W19: RCSP
A20: 1002504 | B20: ACTOS, ERRORES Y OMISIONES | C20: 5910 | D20: 2021 | E20: RESPONSABILIDAD CIVIL | F20: 43613 | G20: 44254 | H20: 44257 | I20: INSTITUTO DE CULTURA Y TURISMO DE MANIZALES | J20: GASTOS DE DEFENSA | K20: AVENIDA ALBERTO MENDOZA HOYOS KM 2 VIA AL MAGDALENA | L20: 43609 | M20: 43885 | N20: 8002500297 | O20: DIRECTORES Y ADMINISTRADORES SERVIDORES PUBLICOS | P20: PagoParcial | Q20: 2500000 | R20: 0 | S20: 2500000 | T20: 0 | U20: 5000000 | V20: Cerrado sin afectación de reserva | W20: RCSP
A21: 1002504 | B21: ACTOS, ERRORES Y OMISIONES | C21: 5932 | D21: 2021 | E21: RESPONSABILIDAD CIVIL | F21: 43661 | G21: 44323 | H21: 44344 | I21: INSTITUTO DE CULTURA Y TURISMO DE MANIZALES | J21: GASTOS DE DEFENSA | K21: AVENIDA ALBERTO MENDOZA HOYOS KM 2 VIA AL MAGDALENA | L21: 43609 | M21: 43885 | N21: 8002500297 | O21: DIRECTORES Y ADMINISTRADORES SERVIDORES PUBLICOS | P21: Pagado | Q21: 8000000 | R21: 0 | S21: 0 | T21: 0 | U21: 8000000 | V21: Cerrado sin afectación de reserva | W21: RCSP
A22: 1002504 | B22: ACTOS, ERRORES Y OMISIONES | C22: 5905 | D22: 2021 | E22: RESPONSABILIDAD CIVIL | F22: 43777 | G22: 44237 | H22: 44239 | I22: INSTITUTO DE CULTURA Y TURISMO DE MANIZALES | J22: GASTOS DE DEFENSA | K22: AVENIDA ALBERTO MENDOZA HOYOS KM 2 VIA AL MAGDALENA | L22: 43609 | M22: 43885 | N22: 8002500297 | O22: DIRECTORES Y ADMINISTRADORES SERVIDORES PUBLICOS | P22: PagoParcial | Q22: 500000 | R22: 0 | S22: 500000 | T22: 0 | U22: 1000000 | V22: Cerrado sin afectación de reserva | W22: RCSP
A23: 1002504 | B23: ACTOS, ERRORES Y OMISIONES | C23: 5905 | D23: 2021 | E23: RESPONSABILIDAD CIVIL | F23: 43777 | G23: 44237 | H23: 44239 | I23: INSTITUTO DE CULTURA Y TURISMO DE MANIZALES | J23: GASTOS DE DEFENSA | K23: AVENIDA ALBERTO MENDOZA HOYOS KM 2 VIA AL MAGDALENA | L23: 43609 | M23: 43885 | N23: 8002500297 | O23: DIRECTORES Y ADMINISTRADORES SERVIDORES PUBLICOS | P23: PagoParcial | Q23: 500000 | R23: 0 | S23: 500000 | T23: 0 | U23: 1000000 | V23: Cerrado sin afectación de reserva | W23: RCSP
A24: 1002504 | B24: ACTOS, ERRORES Y OMISIONES | C24: 5911 | D24: 2021 | E24: RESPONSABILIDAD CIVIL | F24: 43777 | G24: 44262 | H24: 44263 | I24: INSTITUTO DE CULTURA Y TURISMO DE MANIZALES | J24: GASTOS DE DEFENSA | K24: AVENIDA ALBERTO MENDOZA HOYOS KM 2 VIA AL MAGDALENA | L24: 43609 | M24: 43885 | N24: 8002500297 | O24: DIRECTORES Y ADMINISTRADORES SERVIDORES PUBLICOS | P24: PagoParcial | Q24: 2500000 | R24: 0 | S24: 3500000 | T24: 0 | U24: 6000000 | V24: Cerrado sin afectación de reserva | W24: RCSP
A25: 1002504 | B25: ACTOS, ERRORES Y OMISIONES | C25: 5913 | D25: 2021 | E25: RESPONSABILIDAD CIVIL | F25: 43777 | G25: 44266 | H25: 44270 | I25: INSTITUTO DE CULTURA Y TURISMO DE MANIZALES | J25: GASTOS DE DEFENSA | K25: AVENIDA ALBERTO MENDOZA HOYOS KM 2 VIA AL MAGDALENA | L25: 43609 | M25: 43885 | N25: 8002500297 | O25: DIRECTORES Y ADMINISTRADORES SERVIDORES PUBLICOS | P25: PagoParcial | Q25: 2500000 | R25: 0 | S25: 2500000 | T25: 0 | U25: 5000000 | V25: Cerrado sin afectación de reserva | W25: RCSP
A26: 1002503 | B26: ACTOS, ERRORES Y OMISIONES | C26: 5869 | D26: 2020 | E26: RESPONSABILIDAD CIVIL | F26: 43853 | G26: 43854 | H26: 43857 | I26: INSTITUTO DE CULTURA Y TURISMO DE MANIZALES | J26: R.C.E. GENERAL (PREDIOS , LABORES Y OPERACIONES) | K26: AVENIDA ALBERTO MENDOZA HOYOS KM 2 VIA AL MAGDALENA | L26: 43609 | M26: 43885 | N26: 8002500297 | O26: R.C.E. GENERAL | P26: EsperandoDocumentos | Q26: 0 | R26: 0 | S26: 0 | T26: 20000000 | U26: 20000000 | V26: Reserva de indemnización abierta | W26: Vida Otros
A27: 2005584 | B27: CHOQUE SIMPLE CON OTRO VEHÍCULO - ELEMENTO | C27: 8202 | D27: 2020 | E27: AUTOMOVILES | F27: 43867 | G27: 43867 | H27: 43867 | I27: INSTITUTO DE CULTURA Y TURISMO DE MANIZALES | J27: PERDIDA PARCIAL POR DAÑOS | K27: OUC138 - BT50 B22D29 MT 2200CC 4X2 MAZDA 2015 | L27: 43609 | M27: 43885 | N27: 8002500297 | O27: COLECTIVA | Q27: 35345 | R27: 313089 | S27: 0 | T27: 0 | U27: 348434 | V27: Pago total por indemnización | W27: Autos-PP
A28: 2005584 | B28: ABOGADO | C28: 8251 | D28: 2020 | E28: AUTOMOVILES | F28: 43867 | G28: 43867 | H28: 43894 | I28: INSTITUTO DE CULTURA Y TURISMO DE MANIZALES INSTITUTO DE CULTURA Y TURISMO DE MA | J28: ASISTENCIA EN VIAJE * | K28: OUC138 - BT50 B22D29 MT 2200CC 4X2 MAZDA 2015 | L28: 43609 | M28: 43885 | N28: 8002500297 | O28: COLECTIVA | Q28: 0 | R28: 138574 | S28: 0 | T28: 0 | U28: 138574 | V28: Pago total por indemnización | W28: Asistencia
A29: 1002504 | B29: ACTOS, ERRORES Y OMISIONES | C29: 5971 | D29: 2021 | E29: RESPONSABILIDAD CIVIL | F29: 43885 | G29: 44426 | H29: 44467 | I29: INSTITUTO DE CULTURA Y TURISMO DE MANIZALES | J29: RESPON. POR UN JUICIO DE RESPONSABILIDAD FISCAL | K29: AVENIDA ALBERTO MENDOZA HOYOS KM 2 VIA AL MAGDALENA | L29: 43885 | M29: 43900 | N29: 8002500297 | O29: DIRECTORES Y ADMINISTRADORES SERVIDORES PUBLICOS | Q29: 0 | R29: 0 | S29: 3333333 | T29: 4476642 | U29: 7809975 | V29: Reserva de indemnización abierta | W29: Secretaría General Gene
A30: 2304 | B30: ABUSO DE CONFIANZA | C30: 5814 | D30: 2022 | E30: MANEJO | F30: 43900 | G30: 44722 | H30: 44734 | I30: INSTITUTO DE CULTURA Y TURISMO DE MANIZALES | J30: FALLOS CON RESPONSABILIDAD FISCAL | K30: INSTITUTO DE CULTURA Y TURISMO DE MANIZALES | L30: 43885 | M30: 43900 | N30: 8002500297 | O30: MANEJO GLOBAL ENTIDADES OFICIALES | Q30: 0 | R30: 0 | S30: 2000000 | T30: 1823450 | U30: 3823450 | V30: Reserva de indemnización abierta | W30: Secretaría General Gene
A31: 1002554 | B31: ACTOS, ERRORES Y OMISIONES | C31: 5958 | D31: 2021 | E31: RESPONSABILIDAD CIVIL | F31: 44281 | G31: 44425 | H31: 44432 | I31: INSTITUTO DE CULTURA Y TURISMO DE MANIZALES | J31: GASTOS DE DEFENSA | K31: AV ALBERTO MENDOZA HOYOS KM 2 VIA AL MAGDALENA | L31: 44281 | M31: 44647 | N31: 8002500297 | O31: DIRECTORES Y ADMINISTRADORES SERVIDORES PUBLICOS | P31: PagoParcial | Q31: 3000000 | R31: 0 | S31: 9000000 | T31: 0 | U31: 12000000 | V31: Cerrado sin afectación de reserva | W31: RCSP
A32: 1002554 | B32: ACTOS, ERRORES Y OMISIONES | C32: 5928 | D32: 2021 | E32: RESPONSABILIDAD CIVIL | F32: 44323 | G32: 44323 | H32: 44326 | I32: INSTITUTO DE CULTURA Y TURISMO DE MANIZALES | J32: GASTOS DE DEFENSA | K32: AV ALBERTO MENDOZA HOYOS KM 2 VIA AL MAGDALENA | L32: 44281 | M32: 44647 | N32: 8002500297 | O32: DIRECTORES Y ADMINISTRADORES SERVIDORES PUBLICOS | Q32: 0 | R32: 0 | S32: 0 | T32: 0 | U32: 0 | V32: Cerrado sin afectación de reserva | W32: RCSP
A33: 1002554 | B33: ACTOS, ERRORES Y OMISIONES | C33: 5938 | D33: 2021 | E33: RESPONSABILIDAD CIVIL | F33: 44355 | G33: 44355 | H33: 44357 | I33: INSTITUTO DE CULTURA Y TURISMO DE MANIZALES | J33: GASTOS DE DEFENSA | K33: AV ALBERTO MENDOZA HOYOS KM 2 VIA AL MAGDALENA | L33: 44281 | M33: 44647 | N33: 8002500297 | O33: DIRECTORES Y ADMINISTRADORES SERVIDORES PUBLICOS | P33: PagoParcial | Q33: 15000000 | R33: 0 | S33: 0 | T33: 0 | U33: 15000000 | V33: Cerrado sin afectación de reserva | W33: RCSP
A34: 1002554 | B34: ACTOS, ERRORES Y OMISIONES | C34: 5960 | D34: 2021 | E34: RESPONSABILIDAD CIVIL | F34: 44380 | G34: 44432 | H34: 44433 | I34: INSTITUTO DE CULTURA Y TURISMO DE MANIZALES | J34: GASTOS DE DEFENSA | K34: AV ALBERTO MENDOZA HOYOS KM 2 VIA AL MAGDALENA | L34: 44281 | M34: 44647 | N34: 8002500297 | O34: DIRECTORES Y ADMINISTRADORES SERVIDORES PUBLICOS | P34: EsperandoDocumentos | Q34: 0 | R34: 0 | S34: 13000000 | T34: 0 | U34: 13000000 | V34: Cerrado sin afectación de reserva | W34: RCSP
A35: 1002554 | B35: ACTOS, ERRORES Y OMISIONES | C35: 5951 | D35: 2021 | E35: RESPONSABILIDAD CIVIL | F35: 44386 | G35: 44420 | H35: 44421 | I35: INSTITUTO DE CULTURA Y TURISMO DE MANIZALES | J35: GASTOS DE DEFENSA | K35: AV ALBERTO MENDOZA HOYOS KM 2 VIA AL MAGDALENA | L35: 44281 | M35: 44647 | N35: 8002500297 | O35: DIRECTORES Y ADMINISTRADORES SERVIDORES PUBLICOS | P35: PagoParcial | Q35: 6000000 | R35: 0 | S35: 6000000 | T35: 0 | U35: 12000000 | V35: Cerrado sin afectación de reserva | W35: RCSP
A36: 1002554 | B36: ACTOS, ERRORES Y OMISIONES | C36: 5949 | D36: 2021 | E36: RESPONSABILIDAD CIVIL | F36: 44406 | G36: 44406 | H36: 44407 | I36: INSTITUTO DE CULTURA Y TURISMO DE MANIZALES | J36: GASTOS DE DEFENSA | K36: AV ALBERTO MENDOZA HOYOS KM 2 VIA AL MAGDALENA | L36: 44281 | M36: 44647 | N36: 8002500297 | O36: DIRECTORES Y ADMINISTRADORES SERVIDORES PUBLICOS | P36: PagoParcial | Q36: 7000000 | R36: 0 | S36: 7000000 | T36: 0 | U36: 14000000 | V36: Cerrado sin afectación de reserva | W36: RCSP
A37: 1002554 | B37: ACTOS, ERRORES Y OMISIONES | C37: 5949 | D37: 2021 | E37: RESPONSABILIDAD CIVIL | F37: 44406 | G37: 44406 | H37: 44407 | I37: INSTITUTO DE CULTURA Y TURISMO DE MANIZALES | J37: GASTOS DE DEFENSA | K37: AV ALBERTO MENDOZA HOYOS KM 2 VIA AL MAGDALENA | L37: 44281 | M37: 44647 | N37: 8002500297 | O37: DIRECTORES Y ADMINISTRADORES SERVIDORES PUBLICOS | P37: PagoParcial | Q37: 5000000 | R37: 0 | S37: 5000000 | T37: 0 | U37: 10000000 | V37: Cerrado sin afectación de reserva | W37: RCSP
A38: 1002554 | B38: ACTOS, ERRORES Y OMISIONES | C38: 5956 | D38: 2021 | E38: RESPONSABILIDAD CIVIL | F38: 44421 | G38: 44421 | H38: 44427 | I38: INSTITUTO DE CULTURA Y TURISMO DE MANIZALES | J38: GASTOS DE DEFENSA | K38: AV ALBERTO MENDOZA HOYOS KM 2 VIA AL MAGDALENA | L38: 44281 | M38: 44647 | N38: 8002500297 | O38: DIRECTORES Y ADMINISTRADORES SERVIDORES PUBLICOS | P38: Pagado | Q38: 6000000 | R38: 0 | S38: 6000000 | T38: 0 | U38: 12000000 | V38: Cerrado sin afectación de reserva | W38: RCSP
A39: 1002554 | B39: ACTOS, ERRORES Y OMISIONES | C39: 5954 | D39: 2021 | E39: RESPONSABILIDAD CIVIL | F39: 44425 | G39: 44425 | H39: 44427 | I39: INSTITUTO DE CULTURA Y TURISMO DE MANIZALES | J39: GASTOS DE DEFENSA | K39: AV ALBERTO MENDOZA HOYOS KM 2 VIA AL MAGDALENA | L39: 44281 | M39: 44647 | N39: 8002500297 | O39: DIRECTORES Y ADMINISTRADORES SERVIDORES PUBLICOS | P39: PagoParcial | Q39: 3000000 | R39: 0 | S39: 9000000 | T39: 0 | U39: 12000000 | V39: Cerrado sin afectación de reserva | W39: RCSP
A40: 1002554 | B40: ACTOS, ERRORES Y OMISIONES | C40: 5959 | D40: 2021 | E40: RESPONSABILIDAD CIVIL | F40: 44432 | G40: 44432 | H40: 44433 | I40: INSTITUTO DE CULTURA Y TURISMO DE MANIZALES | J40: GASTOS DE DEFENSA | K40: AV ALBERTO MENDOZA HOYOS KM 2 VIA AL MAGDALENA | L40: 44281 | M40: 44647 | N40: 8002500297 | O40: DIRECTORES Y ADMINISTRADORES SERVIDORES PUBLICOS | P40: PagoParcial | Q40: 5000000 | R40: 0 | S40: 5000000 | T40: 0 | U40: 10000000 | V40: Cerrado sin afectación de reserva | W40: RCSP
A41: 1002554 | B41: ACTOS, ERRORES Y OMISIONES | C41: 5959 | D41: 2021 | E41: RESPONSABILIDAD CIVIL | F41: 44432 | G41: 44432 | H41: 44433 | I41: INSTITUTO DE CULTURA Y TURISMO DE MANIZALES | J41: GASTOS DE DEFENSA | K41: AV ALBERTO MENDOZA HOYOS KM 2 VIA AL MAGDALENA | L41: 44281 | M41: 44647 | N41: 8002500297 | O41: DIRECTORES Y ADMINISTRADORES SERVIDORES PUBLICOS | P41: PagoParcial | Q41: 5000000 | R41: 0 | S41: 5000000 | T41: 0 | U41: 10000000 | V41: Cerrado sin afectación de reserva | W41: RCSP
A42: 1002554 | B42: ACTOS, ERRORES Y OMISIONES | C42: 5965 | D42: 2021 | E42: RESPONSABILIDAD CIVIL | F42: 44432 | G42: 44446 | H42: 44447 | I42: INSTITUTO DE CULTURA Y TURISMO DE MANIZALES | J42: GASTOS DE DEFENSA | K42: AV ALBERTO MENDOZA HOYOS KM 2 VIA AL MAGDALENA | L42: 44281 | M42: 44647 | N42: 8002500297 | O42: DIRECTORES Y ADMINISTRADORES SERVIDORES PUBLICOS | P42: PagoParcial | Q42: 8000000 | R42: 0 | S42: 0 | T42: 0 | U42: 8000000 | V42: Cerrado sin afectación de reserva | W42: RCSP
A43: 1002554 | B43: ACTOS, ERRORES Y OMISIONES | C43: 5965 | D43: 2021 | E43: RESPONSABILIDAD CIVIL | F43: 44432 | G43: 44446 | H43: 44447 | I43: INSTITUTO DE CULTURA Y TURISMO DE MANIZALES | J43: GASTOS DE DEFENSA | K43: AV ALBERTO MENDOZA HOYOS KM 2 VIA AL MAGDALENA | L43: 44281 | M43: 44647 | N43: 8002500297 | O43: DIRECTORES Y ADMINISTRADORES SERVIDORES PUBLICOS | P43: PagoParcial | Q43: 0 | R43: 0 | S43: 8000000 | T43: 0 | U43: 8000000 | V43: Cerrado sin afectación de reserva | W43: RCSP
A44: 1002554 | B44: ACTOS, ERRORES Y OMISIONES | C44: 5999 | D44: 2022 | E44: RESPONSABILIDAD CIVIL | F44: 44592 | G44: 44599 | H44: 44599 | I44: INSTITUTO DE CULTURA Y TURISMO DE MANIZALES | J44: GASTOS DE DEFENSA | K44: AV ALBERTO MENDOZA HOYOS KM 2 VIA AL MAGDALENA | L44: 44281 | M44: 44647 | N44: 8002500297 | O44: DIRECTORES Y ADMINISTRADORES SERVIDORES PUBLICOS | P44: EsperandoDocumentos | Q44: 0 | R44: 0 | S44: 500000 | T44: 0 | U44: 500000 | V44: Cerrado sin afectación de reserva | W44: RCSP
... A47: 1002554 | B47: ACTOS, ERRORES Y OMISIONES | C47: 6001 | D47: 2022 | E47: RESPONSABILIDAD CIVIL | F47: 44601 | G47: 44602 | H47: 44606 | I47: INSTITUTO DE CULTURA Y TURISMO DE MANIZALES | J47: GASTOS DE DEFENSA | K47: AV ALBERTO MENDOZA HOYOS KM 2 VIA AL MAGDALENA | L47: 44281 | M47: 44647 | N47: 8002500297 | O47: DIRECTORES Y ADMINISTRADORES SERVIDORES PUBLICOS | P47: PagoParcial | Q47: 3000000 | R47: 0 | S47: 3000000 | T47: 0 | U47: 6000000 | V47: Cerrado sin afectación de reserva | W47: RCSP

Sheet TEXTOS CLAUSULAS
A1: TEXTOS DE CLAUSULAS Y CONDICIONES: PARA AQUELLA CLAUSULAS QUE NO ESTEN AQUÍ DETALLADAS, SE ACEPTAN LOS TEXTOS DEFINIDOS POR LA COMPAÑÍAS ASEGURADORA SELECCIONADA
A3: Perdida de contenido en tanques: ampara la pérdida del contenido que se encuentre dentro de tanques, debida a la rotura accidental y súbita de las paredes interiores o exteriores de los mismos, o a la avería accidental y súbita de válvulas y demás dispositivos que controlen el flujo de tales contenidos.
A4: Gastos para la demostración del siniestro.: Bajo este amparo se cubren los gastos en que incurra el asegurado, para la demostración de la ocurrencia y cuantía del siniestro y serán indemnizados bajo esta póliza.
A5: Archivos y documentos. : Mediante esta cobertura se amparan los gastos demostrados en que incurra el asegurado, para la reproducción o reemplazo de la información contenida en documentos, manuscritos, planos, cintas magnéticas, sistemas electrónicos de procesamiento de datos y demás sistema de lmacenamiento de información, archivos de contabilidad y registros, incluyendo el arrendamiento de equipos y el pago de digitadores, programadores de sistemas, ingenieros y dibujantes, entre otros, necesarios para recopilar o reconstruir de nuevo toda la información destruida, averiada o inutilizada por el siniestro, excepto los gastos de actualización de la contabilidad.
A6: Portadores externos y reproducción de la información: Bajo esta póliza se amparan los gastos, de los portadores externos de datos y los gastos de la reproducción o remplazo de la información contenida en cintas magnéticas, sistemas electrónicos de procesamiento de datos, portadores externos de datos y demás sistemas de almacenamiento de información, registros, archivos de contabilidad y otros, incluyendo el arrendamiento de oficinas, equipos y el pago de digitadores, programadores de sistemas, ingenieros y dibujantes, entre otros, necesarios para recopilar o reconstruir la información destruida, averiada o inutilizada por el siniestro.
A7: Cobertura para software y gastos para reinstalación de software, como consecuencia de un evento amparado bajo la póliza: Bajo este amparo se cubren los gastos en que debe incurrir el asegurado para la reinstalación y/o recuperación del software, incluidas pruebas y ajustes, los cuales se generen como consecuencia de daños o pérdidas producidos por un evento amparado bajo la presente póliza. Así mismo, el amparo de este seguro se extiende a cubrir la reposición de las licencias y/o costos en que incurra la entidad asegurada para instalación de programas, por pérdidas y/o daños de software ocurridos como consecuencia de los riesgos amparados bajo la presente póliza.
A8: Extensión de la cobertura de daños materiales para equipos móviles y portátiles, entre otros necesarios para el desarrollo del objeto de la Entidad.: Bajo esta condición la cobertura de la presente póliza se extiende a amparar los daños materiales que sufran los equipos móviles y/o portátiles cubiertos bajo la póliza, entendiendose pero o limitandose a Equipos Electricos y/o Eletrónicos, Equipos de Investigación, laboratorio e instrumentación, equipos médico, cientificos, de ingenieria en general y en general cualquier otro bien,mientras se encuentren fuera de predios o sean transportados en el territorio nacional y en el exterior.
A9: Bienes de propiedad de empleados o contratistas por prestación de servicios para apoyo a la gestión. : El seguro se extiende a amparar, en exceso del valor asegurado, los bienes de propiedad personal de empleados del asegurado o contratistas por prestación de servicios para apoyo a la gestión, excluyendo joyas, dinero y vehículos automotores, mientras se encuentren en los predios asegurados, siempre y cuando dichos bienes personales no estén amparados por otro seguro. La responsabilidad por la propiedad personal de un empleado o contratistas por prestación de servicios para apoyo a la gestion no excederá del límite señalado para tal efecto y cualquier pérdida en su caso se ajustará con la Entidad Asegurada y se pagará previa autorización de ésta.
A10: Cobertura para riesgos de Influencia Atmosférica.: Queda convenido que bajo la presente póliza se amparan las pérdidas y/o daños generados por influencia atmosférica, entre otros, vientos, huracanes, humedad, aguas, rayo y demás fenómenos similares de la naturaleza, para bienes que se encuentran al aire libre o en edificios que no estén completamente cerrados; siempre y cuando estén diseñados para estar u operar en estas condiciones.
A11: Renta para instalaciones y edificios propios. : Se amparan los gastos adicionales en que incurra el asegurado, como consecuencia de un evento amparado por la póliza, al tomar en arriendo inmuebles, incluidos el pago de servicios públicos y administración, de tal forma que le permita continuar sus operaciones.
A12: Gastos extraordinarios.: Bajo esta condición, en caso de que los equipos electrónicos se vean afectados por un evento amparado bajo la presente póliza, la cobertura de la póliza se extiende a amparar los gastos extras en que incurra el asegurado, en exceso a sus costos normales de operación, por concepto de arrendamiento de equipos e instalaciones; con el único fin de poder continuar con igual eficiencia, como sea posible, la operación que desarrolla el asegurado con estos equipos
A13: Amparo para bienes fuera de edificios. : El seguro se extiende a amparar los bienes fuera de edificios, a la intemperie o en vehículos transportadores propios, arrendados o bajo su responsabilidad, siempre y cuando se hallen dentro de los predios del asegurado y cuenten con las características para permanecer a la intemperie.
... A87: Definición de Evento: Se entiende por evento toda circunstancia que pueda derivar en una o varias reclamaciones o procesos, aun cuando sean adelantados por autoridades distintas, siempre que provengan de una misma causa y aun cuando estén involucrados varios funcionarios asegurados. Para efectos de determinar la cobertura bajo la póliza, de acuerdo con la Modalidad de Cobertura aquí definida, queda entendido y acordado que todas las investigaciones y procesos que surjan con posterioridad a dicha notificación efectuada por primera vez, deberán ser atendidas por la misma póliza que conoció de aquella primera reclamación debidamente notificada durante la vigencia de la póliza
